 Dungeon Crawl Stone Soup version 0.26-a0-708-g17f3b190f9 (webtiles) character file.

Game seed: 1840368065394446508

72 ICC the Magician (level 4, -1/23 HPs)
             Began as a Vine Stalker Fighter on Oct 29, 2020.
             Slain by an iron imp (6 damage)
             ... summoned by Natasha
             ... on level 2 of the Dungeon.
             The game lasted 00:02:02 (725 turns).

ICC the Magician (Vine Stalker Fighter)              Turns: 725, Time: 00:02:02

Health: -1/23      AC:  9    Str: 19    XL:     4   Next: 26%
Magic:  0/10       EV:  7    Int:  9    God:
Gold:   50         SH:  0    Dex: 13    Spells: 10/10 levels left

rFire    . . .     SeeInvis .   a - +0 rapier
rCold    . . .     Faith    +   (no shield)
rNeg     . . .     Spirit   +   k - +0 chain mail
rPois    .         Reflect  .   (no helmet)
rElec    .         Harm     .   (no cloak)
rCorr    .         Rampage  .   m - +0 pair of gloves
MR       .....                  (no boots)
Stlth    ..........             f - amulet of faith
HPRegen  0.47/turn              (no ring)
MPRegen  0.12/turn              (no ring)

@: slowed, very slow
A: fangs 2, regeneration 1, magic shield, antimagic bite, no potion heal 3, rot
immunity
a: no special abilities


You were on level 2 of the Dungeon.
You visited 1 branch of the dungeon, and saw 2 of its levels.

You collected 50 gold pieces.

Inventory:

Hand Weapons
 a - a +0 rapier (weapon)
Missiles
 i - a throwing net (quivered)
Armour
 c - a +0 kite shield
 k - a +0 chain mail (worn)
 m - a +0 pair of gloves (worn)
Jewellery
 f - an amulet of faith (around neck)
Scrolls
 g - a scroll of magic mapping {unknown}
 j - 2 scrolls of identify {unknown}
 l - a scroll of enchant armour {unknown}
Potions
 b - a potion of curing {unknown}
 d - 2 potions of might
 e - a potion of brilliance {unknown}
 h - a potion of degeneration {unknown}


   Skills:
 - Level 2.6 Fighting
 - Level 1.7 Short Blades
 - Level 2.4 Armour
 - Level 2.6 Shields
 + Level 3.7 Spellcasting


You had 10 spell levels left.
You didn't know any spells.
Your spell library was empty.

Dungeon Overview and Level Annotations

Branches:
Dungeon (2/15)

Altars:

Annotations:
D:2 Natasha


Innate Abilities, Weirdness & Mutations

You have extremely sharp teeth.
Your natural rate of healing is unusually fast.
When hurt, damage is shared between your health and your magic reserves.
Your bite disrupts and absorbs the magic of your enemies.
Potions cannot restore your health.
You are immune to rotting.


Message History

You closely miss Natasha. Your bite misses Natasha.
Natasha is heavily wounded.
The iron imp barely misses you. Natasha claws you. The iron imp hits you.
Natasha howls an incantation.
Natasha glows brightly for a moment.
Natasha barely misses you.
Unknown command.
You hit Natasha.
Natasha is heavily wounded.
Natasha barely misses you. The iron imp completely misses you.
You hit Natasha.
Natasha is heavily wounded.
Natasha claws you. The iron imp completely misses you.
Natasha claws you but does no damage. The iron imp hits you.
You closely miss Natasha. Your bite misses Natasha.
Natasha is heavily wounded.
Natasha claws you.
* * * LOW HITPOINT WARNING * * *
The iron imp hits you!
You die...

#..## .# ##..##
.## ##..##
####..###
#†...##
#......>#
#..##..##
#.......# #...
##..##
#.......# #..##
##..##
#.5..(..# ..#
##).####h###..#
.# ##..###@# #
# ##..##5# .#
##..##..# ..#
##..##..##
#..##
##..##..## #...
##..##..##
#(.##..##..##
#...†##..##
##..##..##


You could see 2 iron imps and Natasha.

Vanquished Creatures
  Jessica (D:2)
  An adder (D:2)
  2 worms (D:2)
  A dart slug (D:1)
  A bat (D:1)
  A giant cockroach (D:1)
  4 goblins (D:1)
  4 hobgoblins
  7 jackals
  2 kobolds
  2 frilled lizards
  A rat (D:1)
27 creatures vanquished.

Notes
Turn   | Place    | Note
-------+----------+-------------------------------------------
     0 | D:1      | ICC the Vine Stalker Fighter began the quest for the Orb.
     0 | D:1      | Reached XP level 1. HP: 11/11 MP: 2/2
   125 | D:1      | Reached skill level 1 in Spellcasting
   160 | D:1      | Reached XP level 2. HP: 14/16 MP: 3/5
   250 | D:1      | Reached skill level 2 in Spellcasting
   443 | D:1      | Reached XP level 3. HP: 19/19 MP: 7/7
   611 | D:2      | Noticed Jessica
   621 | D:2      | Killed Jessica
   621 | D:2      | Reached skill level 3 in Spellcasting
   621 | D:2      | Gained mutation: Your natural rate of healing is unusually
                  | fast. [Vine Stalker growth]
   621 | D:2      | Reached XP level 4. HP: 18/23 MP: 10/10
   708 | D:2      | Noticed Natasha
   725 | D:2      | Slain by an iron imp

Illustrated notes

Levels and vault maps discovered:
D:1:      eino_arrival_cavern_e, layout_basic
D:2:      minmay_alternating_diamond, layout_basic,
          lemuel_coloured_pillars_altar, uniq_natasha, uniq_jessica

Skill      XL: |  1  2  3 |
---------------+----------+-----
Spellcasting   | 1 2 3 |  3.7
Fighting       | |  2.6
Short Blades   | |  1.7
Armour         | |  2.4
Shields        | |  2.6

Action                   |  1- 3 |  4- 6 || total
-------------------------+-------+-------++-------
Melee: Rapier            |    63 |    27 ||    90
       Bite              |    19 |     6 ||    25
Armor: Scale mail        |    15 |       ||    15
       Chain mail        |    18 |    16 ||    34
Dodge: Dodged            |    29 |    12 ||    41

Table legend: (Time is in decaauts)
 A = Elapsed time spent in this place.
 B = Non-inter-level travel time spent in this place.
 C = Inter-level travel time spent in this place.
 D = Time resting spent in this place.
 E = Time spent auto-exploring this place.
 F = Levels seen in this place.
 G = Mean time per level.
                   A        B        C        D        E       F      G
               +--------+--------+--------+--------+--------+-----+--------+
         Total |    743 |    729 |     14 |      0 |    518 |   2 |  371.5 |
       Dungeon |    743 |    729 |     14 |      0 |    518 |   2 |  371.5 |
               +--------+--------+--------+--------+--------+-----+--------+

Top non-repeatable levels by time:
     D:1: 592 daAuts
     D:2: 150 daAuts
